 Dungeon Crawl Stone Soup version 0.28-a0-265-g048bc9fd10 (webtiles) character file.

Game seed: 10259843573172974415

30741 snetch the Thaumaturge (level 13, -12/85 HPs)
             Began as a Djinni Fire Elementalist on Aug 27, 2021.
             Was an Initiate of Gozag.
             Shot with an arrow by a centaur warrior (24 damage)
             ... on level 13 of the Dungeon.
             The game lasted 01:15:46 (16301 turns).

snetch the Thaumaturge (Djinni Fire Elementalist)  Turns: 16301, Time: 01:15:47

Health: -12/85     AC: 10    Str:  7    XL:     13   Next: 91%
Gold:   3171       EV: 13    Int: 22    God:    Gozag SH: 11 Dex: 17

rFire   + + .      SeeInvis .   a - +9 whip "Piaz" {vorpal, rPois Dex+3}
rCold   + + .      Faith    .   E - +1 kite shield {rC+}
rNeg    . . .      Spirit   .   v - +2 leather armour {rC+}
rPois   ∞          Reflect  .   I - +1 hat
rElec   .          Harm     .   N - +1 cloak {Will+}
rCorr   +          Rampage  .   P - +0 pair of gloves
Will    ++...                   (boots unavailable)
Stlth   +++.......              U - amulet of regeneration
HPRegen 0.24/turn               H - ring of protection from cold
MPRegen 0.00/turn               C - ring of resist corrosion

@: gold aura, flying, very slightly contaminated
A: sickness immunity, fire resistance 2, cold vulnerability 1, float, innate
caster, hp casting, extra vitality 1
a: Renounce Religion, Potion Petition, Call Merchant, Bribe Branch


You were on level 13 of the Dungeon.
You worshipped Gozag.
Gozag was most pleased with you.
You visited 2 branches of the dungeon, and saw 15 of its levels.

You collected 3171 gold pieces.

Inventory:

Hand Weapons
 a - the +9 whip "Piaz" (weapon) {vorpal, rPois Dex+3}
   (You found it on level 6 of the Dungeon)

   It inflicts extra damage upon your enemies.
   Dex:       It affects your dexterity (+3).
   rPois:     It protects you from poison.
 b - a +3 scimitar of flaming
 c - the +8 war axe "Suki" {freeze, rN+ Will+}
   (You found it on level 12 of the Dungeon)

   It freezes those it strikes, dealing additional cold damage.
   It can also slow down cold-blooded creatures.
   rN:        It protects you from negative energy.
   Will:      It increases your willpower.
 d - a +2 mace of protection
 Z - a +4 triple sword of holy wrath
Missiles
 g - 480 stones
 y - 40 poisoned darts
 Q - 4 boomerangs
 R - 2 javelins
Armour
 v - a +2 leather armour of cold resistance (worn)
 E - a +1 kite shield of cold resistance (worn)
 I - a +1 hat (worn)
 N - a +1 cloak of willpower (worn)
 P - a +0 pair of gloves (worn)
 W - a +2 tower shield
Jewellery
 e - a ring of fire
 j - an amulet of reflection
 C - a ring of resist corrosion (right hand)
 H - a ring of protection from cold (left hand)
 M - a ring of protection from cold
 U - an amulet of regeneration (around neck)
Wands
 i - a wand of acid (14)
 m - a wand of digging (4)
 r - a wand of polymorph (7)
 s - a wand of iceblast (9)
 F - a wand of flame (65)
 L - a wand of paralysis (12)
Scrolls
 f - 4 scrolls of noise {unknown}
 h - a scroll of silence {unknown}
 k - 2 scrolls of magic mapping
 l - 2 scrolls of holy word
 n - 2 scrolls of vulnerability
 p - 6 scrolls of amnesia {unknown}
 t - a scroll of blinking
 x - a scroll of brand weapon
 D - 5 scrolls of enchant armour {unknown}
 J - a scroll of fog
 K - 2 scrolls of fear {unknown}
 O - 6 scrolls of enchant weapon {unknown}
 V - 3 scrolls of teleportation
Potions
 o - a potion of brilliance
 q - 4 potions of attraction {unknown}
 u - 6 potions of curing
 w - a potion of ambrosia
 z - 2 potions of mutation
 A - a potion of cancellation
 B - a potion of haste
 G - 6 potions of heal wounds {unknown}
 S - 4 potions of flight {unknown}
 X - 2 potions of lignification
 Y - a potion of berserk rage
Miscellaneous
 T - a condenser vane


   Skills:
 + Level 4.6 Fighting
 + Level 5.3 Maces & Flails
 + Level 5.3 Armour
 + Level 7.1 Dodging
 + Level 4.5 Stealth
 + Level 5.2 Shields
 + Level 13.9 Spellcasting


You had 4 spell levels left.
You knew the following spells:

 Your Spells              Type           Power      Damage    Failure   Level
a - Foxfire               Conj/Fire      100%       2x1d9     1%          1
b - Conjure Flame         Conj/Fire      67%        6-21      1%          3
c - Inner Flame           Hex/Fire       67%        N/A       1%          3
d - Sticky Flame          Conj/Fire      67%        2d8       1%          4
e - Fireball              Conj/Fire      33%        3d14      1%          5
f - Animate Skeleton      Necr           100%       N/A       1%          1
g - Slow                  Hex            67%        N/A       1%          2
h - Poisonous Vapours     Pois/Air       100%       N/A       1%          2
i - Dispel Undead         Necr           67%        3d23      1%          4
j - Summon Mana Viper     Hex/Summ       67%        N/A       1%          5
k - Blade Hands           Tmut           33%        N/A       1%          5
Your spell library was empty.

Dungeon Overview and Level Annotations

Branches:
Dungeon (14/15) Temple (1/1) D:5 Lair (0/6) D:9 Orc (0/2) D:9 Vaults (0/5) D:13 D:14

Altars:
Ashenzari
Cheibriados
Dithmenos
Elyvilon
Fedhas
Gozag
Hepliaklqana
Kikubaaqudgha
Makhleb
Nemelex Xobeh
Okawaru
Qazlal
Ru
Sif Muna
Trog
Uskayaw
Vehumet
Wu Jian
Xom
Yredelemnul
Zin
The Shining One

Annotations:
D:10 1 runed translucent door, Atlas's ghost, journeyman DgTm


Innate Abilities, Weirdness & Mutations

You are immune to sickness and miasma.
You are immune to poison.
Your flesh is very heat resistant. (rF++)
You are vulnerable to cold. (rC-)
You float through the air rather than walking.
You learn spells naturally, not from books.
Your magical power is your life essence.
You have superior vitality. (+4 HP)


Message History

Confirm with . or Enter, or press ? or * to list all spells.
Aiming: Fireball (dangerous; 1% risk of failure)
Press: ? - help, Shift-Dir - straight line, f/p - human
Aim: a human
Okay, then.
It was a potion of curing.
You feel better.
Casting: Fireball (dangerous; 1% risk of failure)
Confirm with . or Enter, or press ? or * to list all spells.
Aiming: Fireball (dangerous; 1% risk of failure)
Press: ? - help, Shift-Dir - straight line, f - human, p - human
Aim: a human The fireball explodes!
The fireball engulfs the human!!
The human is severely wounded.
The fireball engulfs the centaur warrior!!
The centaur warrior is moderately wounded.
The fireball engulfs the human!!
The human is severely wounded.
The fireball engulfs the human!
The human is heavily wounded.
* * * LOW HITPOINT WARNING * * *
Casting: Fireball (dangerous; 1% risk of failure)
Confirm with . or Enter, or press ? or * to list all spells.
Aiming: Fireball (dangerous; 1% risk of failure)
Press: ? - help, Shift-Dir - straight line, f/p - human
Aim: a human (severely wounded)
The fireball explodes!
The fireball engulfs the human!
You kill the human!
The fireball engulfs the human!
You kill the human!
The fireball engulfs the centaur warrior!
The centaur warrior is heavily wounded.
The fireball engulfs the human!!
You kill the human!
The fireball engulfs the human!
The human is heavily wounded.
* * * LOW HITPOINT WARNING * * *
The centaur warrior shoots an arrow.
You block the arrow.
You feel better.
The centaur warrior shoots an arrow.
The arrow hits you!!
You die...
Your body crumbles into a pile of gold.

#...............#...#.
#...............#...#.
#...............#...#.
#.............<.#...#.
##########......#...#.
#.....#.........#...#.
#.....#..[......#...#.
#.....#.........#...#.
#....@#####.....#...#.
#....$#.............#.
#...pc#.............#.
#..$.p#.............#.
#...pp#.............#.
#.....#####.........#.
#........)..........#.
#...>...............#.
#....p..............#.


You could see a centaur warrior and 4 humans.

Vanquished Creatures
  Rupert (D:12)
  A fire giant (D:11)
  Fannar (D:11)
  A hydra (D:13)
  A boulder beetle (D:13)
  3 centaur warriors (D:13)
  A catoblepas (D:8)
  9 two-headed ogres
  2 tengu warriors (D:13)
  A wizard (D:13)
  Pikel (D:5)
  A deep elf pyromancer (D:13)
  3 ugly things
  3 cyclopes
  Joseph (D:7)
  A black mamba (shapeshifter) (D:13)
  Psyche (D:12)
  An unseen horror (D:11)
  A komodo dragon (D:9)
  A merfolk (shapeshifter) (D:13)
  A hornet (D:10)
  2 trolls
  Prince Ribbit (D:7)
  4 slime creatures (D:13)
  3 shadows
  A redback (D:13)
  A vampire (D:10)
  7 yaks
  A wraith (D:12)
  3 wyverns
  A vampire mosquito (D:13)
  Eustachio (D:4)
  3 humans (D:13)
  5 basilisks
  Menkaure (D:7)
  A two-headed ogre zombie (D:9)
  5 acid dragons
  A water moccasin (D:6)
  A black bear (D:7)
  An ice beast (D:7)
  A sky beast (D:7)
  10 ogres
  2 necrophages
  2 orc warriors (D:11)
  4 centaurs
  2 phantoms
  2 bullfrogs
  A gnoll sergeant (D:12)
  A scorpion (D:4)
  A water moccasin zombie (D:5)
  3 troll zombies (D:9)
  9 wights
  6 killer bees (D:9)
  4 howler monkeys
  3 jellies
  4 centaur zombies
  2 bullfrog skeletons (D:6)
  3 hounds
  Crazy Yiuf (D:5)
  7 orc priests
  A gnoll shaman (D:5)
  A centaur skeleton (D:7)
  A scorpion zombie (D:5)
  4 iguanas
  8 orc wizards
  4 ogre zombies (D:9)
  A howler monkey zombie (D:5)
  7 gnolls
  5 adders
  A shadow imp (D:6)
  A white imp (D:6)
  2 ufetubi (D:4)
  An adder skeleton (D:2)
  A dart slug (D:3)
  35 orcs
  5 endoplasms
  5 giant cockroaches
  7 goblins
  7 hobgoblins
  7 kobolds
  5 quokkas
  5 ball pythons
  6 bats
  2 frilled lizards
  2 goblin skeletons (D:9)
  A hobgoblin skeleton (D:9)
  5 hobgoblin zombies (D:9)
  A jackal skeleton (D:4)
  2 orc skeletons (D:9)
  15 orc zombies (D:9)
  4 rats
299 creatures vanquished.

Vanquished Creatures (collateral kills)
  An efreet (D:13)
  A foxfire (D:12)
2 creatures vanquished.

Vanquished Creatures (others)
  873 foxfires
  8 plants (D:12)
881 creatures vanquished.

Grand Total: 1182 creatures vanquished

Notes
Turn   | Place    | Note
-------+----------+-------------------------------------------
     0 | D:1      | snetch the Djinni Fire Elementalist began the quest for the
                  | Orb.
     0 | D:1      | Reached XP level 1. HP: 15/15 MP: 0/0
   288 | D:1      | Reached XP level 2. HP: 17/21 MP: 0/0
   748 | D:2      | Reached skill level 3 in Spellcasting
   748 | D:2      | Reached XP level 3. HP: 23/25 MP: 0/0
   748 | D:2      | Learned a level 1 spell: Animate Skeleton
   835 | D:1      | Found a faded altar of an unknown god.
   839 | D:1      | Became a worshipper of Gozag Ym Sagoz the Greedy
  2340 | D:3      | Reached XP level 4. HP: 28/31 MP: 0/0
  2924 | D:4      | Reached XP level 5. HP: 25/35 MP: 0/0
  2924 | D:4      | Learned a level 2 spell: Slow
  2987 | D:3      | Reached skill level 1 in Armour
  3300 | D:4      | Reached skill level 4 in Spellcasting
  3329 | D:4      | Noticed Eustachio
  3909 | D:3      | Reached XP level 6. HP: 40/41 MP: 0/0
  4359 | D:4      | Noticed a necrophage
  4365 | D:4      | Killed a necrophage
  4366 | D:4      | Reached XP level 7. HP: 42/46 MP: 0/0
  4366 | D:4      | Learned a level 2 spell: Poisonous Vapours
  4479 | D:5      | Entered Level 5 of the Dungeon
  4521 | D:5      | Reached skill level 5 in Spellcasting
  4573 | D:4      | Killed Eustachio
  5083 | D:5      | Noticed Pikel
  5185 | D:6      | Reached XP level 8. HP: 47/51 MP: 0/0
  5201 | D:6      | Identified the +9 whip "Piaz" {vorpal, rPois Dex+3}
  5213 | D:6      | Reached skill level 1 in Fighting
  5228 | D:6      | Reached skill level 6 in Spellcasting
  5555 | D:5      | Found a runed translucent door.
  5556 | D:5      | Noticed Crazy Yiuf
  5577 | D:5      | Killed Crazy Yiuf
  5899 | D:5      | Killed Pikel
  5900 | D:5      | Reached skill level 1 in Maces & Flails
  5900 | D:5      | Reached skill level 1 in Shields
  5900 | D:5      | Reached skill level 7 in Spellcasting
  5900 | D:5      | Reached XP level 9. HP: 48/58 MP: 0/0
  5900 | D:5      | Learned a level 4 spell: Dispel Undead
  6306 | D:5      | Found a staircase to the Ecumenical Temple.
  6335 | Temple   | Entered the Ecumenical Temple
  6956 | D:6      | Identified the +1 robe of Cowardice {Dex+3}
  7067 | D:7      | Noticed Prince Ribbit
  7072 | D:7      | Killed Prince Ribbit
  7569 | D:7      | Noticed Menkaure
  7573 | D:7      | Killed Menkaure
  7778 | D:7      | Reached skill level 8 in Spellcasting
  8007 | D:7      | Reached XP level 10. HP: 57/66 MP: 0/0
  8277 | D:7      | Noticed Joseph
  8291 | D:7      | Killed Joseph
  9123 | D:8      | Identified a scroll of acquirement
  9237 | D:9      | Reached skill level 5 in Dodging
  9597 | D:9      | Found a staircase to the Orcish Mines.
  9637 | D:9      | Reached skill level 9 in Spellcasting
 10649 | D:9      | Found a basalt altar of Yredelemnul.
 10884 | D:9      | Reached XP level 11. HP: 48/71 MP: 0/0
 10884 | D:9      | Learned a level 5 spell: Summon Mana Viper
 11005 | D:9      | Noticed a catoblepas
 11045 | D:9      | HP: 3/71 [something/blast of calcifying dust (8)]
 11390 | D:8      | Killed a catoblepas
 11519 | D:10     | Entered Level 10 of the Dungeon
 11527 | D:10     | Reached skill level 10 in Spellcasting
 11641 | D:9      | Noticed a two-headed ogre
 11658 | D:9      | Killed a two-headed ogre
 11704 | D:9      | Found a staircase to the Lair.
 12106 | D:10     | Noticed Atlas's ghost (journeyman DgTm)
 12106 | D:10     | Found a runed translucent door.
 12426 | D:11     | Noticed a two-headed ogre
 12433 | D:11     | Killed a two-headed ogre
 12600 | D:10     | Reached skill level 11 in Spellcasting
 12851 | D:11     | Noticed Fannar
 12859 | D:11     | Killed Fannar
 12884 | D:11     | Noticed a cyan ugly thing
 12890 | D:11     | Killed a cyan ugly thing
 12891 | D:11     | Reached XP level 12. HP: 47/76 MP: 0/0
 12921 | D:12     | Noticed Rupert
 12924 | D:12     | Noticed Psyche
 12927 | D:12     | Noticed a fire giant
 13105 | D:12     | Noticed a two-headed ogre
 13106 | D:12     | Noticed a two-headed ogre
 13107 | D:12     | Noticed a two-headed ogre
 13113 | D:12     | Killed a two-headed ogre
 13114 | D:12     | Killed a two-headed ogre
 13115 | D:12     | Killed a two-headed ogre
 13116 | D:12     | Reached skill level 12 in Spellcasting
 13417 | D:11     | Acquired a +1 kite shield of cold resistance
 13548 | D:11     | Killed a fire giant
 13645 | D:12     | Noticed a two-headed ogre
 13656 | D:12     | Killed a two-headed ogre
 13656 | D:12     | Killed Psyche
 13764 | D:12     | Identified the +8 war axe "Suki" {freeze, rN+ Will+}
 14039 | D:12     | Killed Rupert
 14040 | D:12     | Reached XP level 13. HP: 37/83 MP: 0/0
 14040 | D:12     | Learned a level 5 spell: Blade Hands
 14045 | D:12     | Reached skill level 13 in Spellcasting
 14123 | D:12     | Identified the +0 robe of Least Resistance {rCorr Dex+4}
 14176 | D:12     | Found an iron altar of Okawaru.
 14276 | D:13     | Noticed a centaur warrior
 14318 | D:13     | Killed a centaur warrior
 14394 | D:13     | Noticed a seven-headed hydra
 14398 | D:13     | Killed a seven-headed hydra
 14752 | D:13     | Noticed a centaur warrior
 14752 | D:13     | Noticed a boulder beetle
 14756 | D:13     | Killed a centaur warrior
 14757 | D:13     | Reached skill level 5 in Maces & Flails
 14757 | D:13     | Reached skill level 5 in Armour
 14765 | D:13     | Killed a boulder beetle
 15305 | D:13     | Found a glowing golden altar of the Shining One.
 15307 | D:13     | Found a burning altar of Makhleb.
 15490 | D:13     | Noticed a centaur warrior
 15501 | D:13     | Killed a centaur warrior
 15502 | D:13     | Reached skill level 5 in Shields
 15980 | D:13     | Identified the +1 hand crossbow of Dullness {venom, rElec}
 16283 | D:14     | Noticed a centaur warrior
 16283 | D:14     | Found a gate to the Vaults.
 16301 | D:13     | Shot with an arrow by a centaur warrior

Illustrated notes

Levels and vault maps discovered:
D:1:      roderic_dead_forest, layout_basic,
          hellmonk_ecumenical_altar_heavens_door
D:2:      layout_loops_ring
D:3:      layout_basic
D:4:      layout_rooms, uniq_eustachio
D:5:      layout_loops_ring, minmay_temple_entry_antechambers, uniq_pikel,
          uniq_crazy_yiuf_cottage
D:6:      layout_rooms, roderic_roman_lattice
D:7:      layout_loops_cross, uniq_menkaure, uniq_prince_ribbit1, uniq_joseph
D:8:      layout_loops_ring, abandoned_shop
D:9:      layout_loops_ring, lemuel_crystal_altar, erik_lair_dragon,
          zombieorc2_lemuel
D:10:     layout_cave_pools, hellmonk_ghost_happy_afterlife,
          kennysheep_generic_room_13
D:11:     layout_basic, uniq_fannar
D:12:     cheibrodos_monumental, layout_rooms, okawaru_trees_2, uniq_rupert,
          uniq_psyche
D:13:     minmay_the_grid_octo_triangle [minmay_the_grid_octo_teeth,
          minmay_the_grid_octo_prize_single_spiral,
          minmay_the_grid_octo_vomiting_pacman], layout_grid_maze
D:14:     layout_basic, david_vaults_3, serial_shops, nicolae_square_shop,
          minivault_25, gauntlet_entry_generic
Temple:   regret_index_temple_sigil_plot

Skill      XL: |  1  2  3  4  5  6  7  8  9 10 11 12 13 |
---------------+----------------------------------------+-----
Spellcasting   | 3 4 5 7 8 9 11 12 13 | 13.9
Stealth        | 2 3 4 |  4.5
Armour         | 1 2 3 4 5 |  5.3
Dodging        | 3 4 5 6 7 |  7.1
Fighting       | 1 2 3 4 |  4.6
Maces & Flails | 1 2 3 4 5 |  5.3
Shields        | 1 2 3 4 5 |  5.2

Action                   |  1- 3 |  4- 6 |  7- 9 | 10-12 | 13-15 || total
-------------------------+-------+-------+-------+-------+-------++-------
Melee: Dagger            |     7 |    11 |     1 |       |       ||    19
       Whip              |       |       |    43 |    97 |    41 ||   181
 Cast: Foxfire           |    67 |   108 |   140 |   172 |    32 ||   519
       Animate Skeleton  |     2 |       |       |       |       ||     2
       Poisonous Vapours |       |       |    23 |   101 |    17 ||   141
       Dispel Undead     |       |       |     4 |    40 |       ||    44
       Slow              |       |       |     1 |     6 |       ||     7
       Sticky Flame      |       |       |       |    30 |    11 ||    41
       Fireball          |       |       |       |    22 |    17 ||    39
       Summon Mana Viper |       |       |       |       |     1 ||     1
  Use: Scroll            |       |       |       |    15 |     2 ||    17
       Potion            |       |       |       |     1 |     2 ||     3
 Stab: Distracted        |       |       |       |     2 |     1 ||     3
       Sleeping          |       |       |       |     1 |       ||     1
Armor: Robe              |     2 |       |       |       |       ||     2
       Leather armour    |     4 |    15 |    31 |    30 |    37 ||   117
Dodge: Dodged            |     7 |    14 |    57 |    87 |    49 ||   214
Block: Other             |       |       |    16 |       |       ||    16
       Reflection        |       |       |     1 |     3 |     1 ||     5
       Buckler           |       |       |    22 |    66 |       ||    88
       Kite shield       |       |       |       |    10 |    61 ||    71

Table legend: (Time is in decaauts)
 A = Elapsed time spent in this place.
 B = Non-inter-level travel time spent in this place.
 C = Inter-level travel time spent in this place.
 D = Time resting spent in this place.
 E = Time spent auto-exploring this place.
 F = Levels seen in this place.
 G = Mean time per level.
                   A        B        C        D        E       F      G
               +--------+--------+--------+--------+--------+-----+--------+
         Total |  16307 |  15541 |    766 |   1860 |   9335 |  15 | 1087.1 |
       Dungeon |  15996 |  15247 |    749 |   1860 |   9248 |  14 | 1142.6 |
        Temple |    310 |    293 |     17 |      0 |     87 |   1 |  310.0 |
               +--------+--------+--------+--------+--------+-----+--------+

Top non-repeatable levels by time:
     D:8: 2320 daAuts
    D:13: 1947 daAuts
     D:3: 1701 daAuts
     D:5: 1483 daAuts
     D:1: 1292 daAuts
     D:9: 1194 daAuts
     D:7: 1146 daAuts
     D:4: 1129 daAuts
    D:11: 923 daAuts
     D:2: 879 daAuts
    D:12: 772 daAuts
     D:6: 614 daAuts
    D:10: 578 daAuts
  Temple: 310 daAuts
    D:14: 11 daAuts
